 Dungeon Crawl Stone Soup version 0.28.0-49-g6dfe1f597d (webtiles) character file.

Game seed: 10957464907693833944

44 nickcage the Cudgeller (level 3, -4/27 HPs)
             Began as a Formicid Gladiator on May 17, 2022.
             Slain by a gnoll
             ... wielding a +0 flail
              (8 damage)
             ... on level 2 of the Dungeon.
             The game lasted 00:03:42 (1235 turns).

nickcage the Cudgeller (Formicid Gladiator)         Turns: 1235, Time: 00:03:44

Health: -4/27      AC:  5    Str: 20    XL:     3   Next: 85%
Magic:  3/3        EV: 11    Int:  7    God:
Gold:   47         SH:  0    Dex: 12    Spells: 2/2 levels left

rFire   . . .      SeeInvis +   a - +0 flail
rCold   . . .      Faith    .   f - orb {light}
rNeg    . . .      Spirit   .   d - +0 ring mail
rPois   .          Reflect  .   (helmet unavailable)
rElec   .          Harm     .   (no cloak)
rCorr   .          Rampage  .   (no gloves)
Will    .....                   (no boots)
Stlth   +.........              (no amulet)
HPRegen 0.09/turn               (no ring)
MPRegen 0.08/turn               (no ring)

@: glowing
A: permanent stasis, dig shafts and tunnels, antennae 3, four strong arms
a: Dig, Shaft Self


You were on level 2 of the Dungeon.
You visited 1 branch of the dungeon, and saw 2 of its levels.

You collected 47 gold pieces.

Inventory:

Hand Weapons
 a - a +0 flail (weapon)
Missiles
 c - 3 throwing nets
 l - a curare-tipped dart (quivered)
Armour
 b - a +0 leather armour
 d - a +0 ring mail (worn)
 f - an orb of light (worn)
Scrolls
 e - 2 scrolls of teleportation {unknown}
 g - a scroll of amnesia {unknown}
 h - a scroll of identify {unknown}
Potions
 i - 2 potions of haste {unknown}
 j - a potion of heal wounds {unknown}
 k - a potion of lignification {unknown}


   Skills:
 - Level 2.3 Fighting
 + Level 4.3 Maces & Flails
 - Level 2.0 Throwing
 - Level 2.8 Dodging


You had 2 spell levels left.
You didn't know any spells.
Your spell library was empty.

Dungeon Overview and Level Annotations

Branches:
Dungeon (2/15)

Altars:

Shops:
D:2 [


Innate Abilities, Weirdness & Mutations

You cannot be hasted, slowed, berserked, paralysed or teleported.
You can dig through walls and to a lower floor.
You have a pair of large antennae on your head. (SInv)
Your four strong arms can wield two-handed weapons with a shield.


Message History

You climb downwards.
You sense a monster nearby.
There is a stone staircase leading up here.
A gnoll and a giant cockroach come into view.
The gnoll shouts!
You hear a shout!
A gnoll comes into view. It is wielding a +0 whip.
The giant cockroach moves out of view.
You throw a curare-tipped dart.
The curare-tipped dart closely misses the gnoll.
A gnoll comes into view. It is wielding a +0 whip.
The gnoll shouts!
You hear a shout!
The gnoll moves out of view.
You hit the giant cockroach.
The giant cockroach is heavily wounded.
The giant cockroach completely misses you.
You hit the giant cockroach.
You kill the giant cockroach!
You barely miss the gnoll.
A gnoll comes into view. It is wielding a +0 halberd.
The gnoll hits you with a +0 whip.
You hit the gnoll.
The gnoll is moderately wounded.
The gnoll hits you with a +0 whip.
You completely miss the gnoll.
The gnoll is moderately wounded.
The gnoll closely misses you.
You sock the gnoll!
You kill the gnoll!
You barely miss the gnoll. The gnoll hits you with a +0 flail.
The gnoll closely misses you.
You hit the gnoll.
The gnoll is moderately wounded.
The gnoll barely misses you. The gnoll closely misses you.
You sock the gnoll!
The gnoll is almost dead.
The gnoll hits you with a +0 flail.
The gnoll hits you from afar with a +0 halberd!
* * * LOW HITPOINT WARNING * * *
The gnoll hits you with a +0 flail!
You die...

{ #####
#...# #.#.#
#<#@# ###g#
g
#..gg...g.g
#.#.#.....(
#.#.$....##
# ... ...#
###.#.... .
#### ..


You could see 3 gnolls.

Vanquished Creatures
  A gnoll (D:2)
  3 dart slugs (D:1)
  3 ball pythons
  3 endoplasms (D:1)
  A giant cockroach (D:2)
  4 goblins (D:1)
  3 bats (D:1)
  4 frilled lizards
  4 kobolds (D:1)
  3 rats (D:1)
29 creatures vanquished.

Notes
Turn   | Place    | Note
-------+----------+-------------------------------------------
     0 | D:1      | nickcage the Formicid Gladiator began the quest for the
                  | Orb.
     0 | D:1      | Reached XP level 1. HP: 16/16 MP: 1/1
    80 | D:1      | Reached XP level 2. HP: 19/22 MP: 2/2
   332 | D:1      | You fall into a shaft and drop 1 floor!
   333 | D:2      | Found Feruk's Antique Armour Shoppe.
   575 | D:1      | Reached XP level 3. HP: 27/27 MP: 3/3
   706 | D:1      | Reached skill level 4 in Maces & Flails
  1235 | D:2      | Slain by a gnoll

Illustrated notes

Levels and vault maps discovered:
D:1:      psy_arrival_radial02, layout_basic, feat_on_display
D:2:      layout_basic, serial_shops, nicolae_square_shop,
          shapermc_ecumenical_altar_starsandcircs, uniq_terence

Skill      XL: |  1  2  3 |
---------------+----------+-----
Maces & Flails | 4 |  4.3
Fighting       | |  2.3
Throwing       | |  2.0
Dodging        | |  2.8

Action                   || total
-------------------------++-------
Melee: Flail             ||    64
Throw: Dart              ||     1
Armor: Ring mail         ||    18
Dodge: Dodged            ||    35
